 Dungeon Crawl Stone Soup version 0.30-b1-2-g02819fbbbe (webtiles) character file.

Game seed: 8845035843060735174

100 nightchill the Chopper (level 4, 0/41 HPs)
             Began as a Hill Orc Monk on Dec 8, 2023.
             Was an Initiate of Ru.
             Killed by nerve-wracking pain
             ... invoked by Grinder
              (5 damage)
             ... on level 3 of the Dungeon.
             The game lasted 00:03:13 (2105 turns).

nightchill the Chopper (Hill Orc Monk)              Turns: 2105, Time: 00:03:13

Health: 0/41       AC:  6    Str: 15    XL:     4   Next: 73%
Magic:  4/4        EV: 12    Int: 10    God:    Ru [......]
Gold:   114        SH:  0    Dex: 13    Spells: 3/3 levels left

rFire   . . .        a - +0 hand axe
rCold   . . .        d - orb {light}
rNeg    . . .        e - +0 leather armour
rPois   .            (no helmet)
rElec   .            k - +2 cloak
rCorr   .            (no gloves)
SInv    .            (no boots)
Will    .....        (no amulet)
Stlth   +            (no ring)
HPRegen 0.26/turn    (no ring)
MPRegen 0.09/turn

%: no passive effects
@: glowing
A: no striking features
a: Renounce Religion


You were on level 3 of the Dungeon.
You worshipped Ru.
Ru was noncommittal.
You visited 1 branch of the dungeon, and saw 3 of its levels.

You collected 114 gold pieces.

Inventory:

Hand Weapons
 a - a +0 hand axe (weapon)
 l - a +0 whip of draining
Armour
 b - a +0 robe
 d - an orb of light (worn)
 e - a +0 leather armour (worn)
 k - a +2 cloak (worn)
Scrolls
 f - a scroll of enchant weapon {unknown}
 g - 4 scrolls of identify {unknown}
 h - a scroll of fear {unknown}
 i - a scroll of brand weapon {unknown}
 o - a scroll of teleportation {unknown}
Potions
 c - a potion of ambrosia
 m - a potion of resistance {unknown}
 n - a potion of heal wounds {unknown}


   Skills:
 + Level 4.7 Fighting
 * Level 6.2 Axes
 - Level 2.4 Dodging


You had 3 spell levels left.
You didn't know any spells.
Your spell library contained the following spells:

 Spells                   Type           Power      Damage    Failure   Level
 Magic Dart               Conj           0%         1d3       43%         1
 Searing Ray              Conj           0%         2d4       56%         2
 Summon Guardian Golem    Hex/Summ       0%         N/A       80%         3
 Fulminant Prism          Conj/Hex       0%         3d5       99%         4
 Orb of Destruction       Conj           0%         9d5       100%        7
 Spellforged Servitor     Conj/Summ      0%         N/A       100%        7


Dungeon Overview and Level Annotations

Branches:
Dungeon (3/15)

Altars:
Ru
Sif Muna

Shops:
D:2 *

Annotations:
D:3 Grinder


Message History

You shrug off the repeated paralysis!
You can move again.
You hit Grinder but do no damage.
Grinder is moderately wounded.
Grinder gestures at you. You resist with significant effort.
You completely miss Grinder.
Grinder is moderately wounded.
Grinder misses you.
You hit Grinder.
Grinder is moderately wounded.
Grinder gestures at you. You resist with significant effort.
You hit Grinder.
Grinder is heavily wounded.
Grinder hits you.
You hit Grinder.
Grinder is heavily wounded.
Grinder hits you!
* * * LOW HITPOINT WARNING * * *
You writhe in agony.
* * * LOW HITPOINT WARNING * * *
You hit Grinder.
Grinder is heavily wounded.
Grinder misses you.
You hit Grinder.
Grinder is severely wounded.
Grinder hits you but does no damage.
You hit Grinder.
Grinder is severely wounded.
Grinder closely misses you.
You hit Grinder.
Grinder is severely wounded.
Grinder blinks!
Grinder gestures at you. Pain shoots through your body!
* * * LOW HITPOINT WARNING * * *
Grinder gestures at you. Pain shoots through your body!
You die...

...# ..# ######## (.#
.......# ..# ....##.# #.#
....##.# #.# ....##.# #
#(######
....'..######.##.##...#
....#.......#...@##...###
....#.#####.###..5'...+.#
....#.# #.# #####...#.#
..#.#.# #.# #.....#
.#.#..# #.# ###.###
#.†.#.#####.# #.#
†....#.)..†.# #.#
.~~~.#.<##### #.#
~...~#.##############.#


You could see Grinder.

Vanquished Creatures
  3 adders
  A worm (D:2)
  6 dart slugs
  8 endoplasms
  3 giant cockroaches
  A goblin (D:2)
  5 hobgoblins
  7 jackals
  A quokka (D:2)
  5 ball pythons
  4 bats
  5 frilled lizards
  2 kobolds
  6 rats
57 creatures vanquished.

Notes
Turn   | Place    | Note
-------+----------+-------------------------------------------
     0 | D:1      | nightchill the Hill Orc Monk began the quest for the Orb.
     0 | D:1      | Reached XP level 1. HP: 19/19 MP: 1/1
    68 | D:1      | Reached XP level 2. HP: 27/27 MP: 2/2
   271 | D:1      | Reached skill level 5 in Axes
   286 | D:1      | Reached XP level 3. HP: 33/33 MP: 3/3
  1192 | D:2      | Found a faded altar of an unknown god.
  1199 | D:2      | Prayed at the altar of an unknown god.
  1199 | D:2      | Became a worshipper of Sif Muna the Loreminder
  1199 | D:2      | Reached * piety under Sif Muna
  1199 | D:2      | Reached ** piety under Sif Muna
  1276 | D:2      | Reached XP level 4. HP: 41/41 MP: 4/4
  1433 | D:2      | Reached skill level 6 in Axes
  1467 | D:2      | Reached *** piety under Sif Muna
  1713 | D:2      | Found Ofiraz's General Store.
  1997 | D:3      | Found a sacrificial altar of Ru.
  2013 | D:3      | Fell from the grace of Sif Muna
  2013 | D:3      | Became a worshipper of Ru the Awakened
  2077 | D:3      | Noticed Grinder
  2077 | D:3      | Paralysed by Grinder for 5 turns
  2092 | D:3      | Paralysed by Grinder for 3 turns
  2105 | D:3      | Killed from afar by Grinder

Illustrated notes

Levels and vault maps discovered:
D:1:      ncdulo_halloftheorcs, layout_basic
D:2:      layout_loops_ring, dreamdust_ecumenical_altar_angels_and_demons,
          serial_shops, nicolae_lakefront_shop, amethyst_killhole,
          roderic_lattice_a, corexii_item_surrounded_by_moat
D:3:      layout_basic, nicolae_ru_awakened_eye, columned_hall_lemuel,
          uniq_grinder, uniq_jessica, uniq_terence

Skill      XL: |  1  2  3  4 |
---------------+-------------+-----
Fighting       | 4 |  4.7
Axes           | 5 6 |  6.2
Dodging        | |  2.4

Action                     |  1- 3 |  4- 6 || total
---------------------------+-------+-------++-------
  Melee: Hand axe          |   111 |    68 ||   179
  Throw: Javelin           |       |     2 ||     2
 Armour: Robe              |     3 |       ||     3
         Leather armour    |    23 |    14 ||    37
  Dodge: Dodged            |    63 |    42 ||   105
